 Dungeon Crawl Stone Soup version 0.29.1-15-g9cfb28693d (webtiles) character file.

Game seed: 8006391702595230329

170 H0rd4k the Charlatan (level 5, -9/35 HPs)
             Began as an Octopode Artificer on Apr 12, 2023.
             Mangled by a gnoll
             ... wielding a +0 whip
              (10 damage)
             ... on level 3 of the Dungeon.
             The game lasted 00:01:58 (3105 turns).

H0rd4k the Charlatan (Octopode Artificer)           Turns: 3105, Time: 00:01:58

Health: -9/35      AC:  1    Str: 12    XL:     5   Next: 50%
Magic:  8/8        EV: 13    Int: 15    God:
Gold:   134        SH:  0    Dex: 12    Spells: 8/8 levels left

rFire   . . .      SeeInvis .     - Unarmed
rCold   . . .      Faith    .   (no shield)
rNeg    . . .      Spirit   .   (helmet restricted)
rPois   .          Reflect  .   (no amulet)
rElec   .          Harm     .   (no ring)
rCorr   .          Rampage  .   (no ring)
Will    .....                   (no ring)
Stlth   +++.......              (no ring)
HPRegen 0.11/turn               (no ring)
MPRegen 0.11/turn               (no ring)
                                (no ring)
                                (no ring)

@: no status effects
A: almost no armour, amphibious, 8 rings, camouflage 1, gelatinous body 1,
(nimble swimmer 1), tentacles
a: no special abilities


You were on level 3 of the Dungeon.
You visited 1 branch of the dungeon, and saw 3 of its levels.

You collected 134 gold pieces.

Inventory:

Missiles
 n - 10 poisoned darts
Magical Staves
 k - a staff of cold
Wands
 b - a wand of flame (15) (quivered)
 c - a wand of charming (14)
 d - a wand of iceblast (5)
Scrolls
 a - 5 scrolls of teleportation {unknown}
 g - 2 scrolls of noise {unknown}
 h - 2 scrolls of fear {unknown}
 l - 3 scrolls of silence {unknown}
 o - a scroll of brand weapon {unknown}
 q - a scroll of amnesia {unknown}
 r - a scroll of enchant armour {unknown}
Potions
 e - 2 potions of curing {unknown}
 f - a potion of attraction {unknown}
 i - 3 potions of lignification {unknown}
 j - a potion of cancellation {unknown}
 m - 3 potions of brilliance {unknown}
 p - a potion of flight {unknown}


   Skills:
 * Level 2.6 Fighting
 - Level 2.3 Dodging
 - Level 1.3 Stealth
 + Level 3.2 Unarmed Combat
 * Level 2.2 Spellcasting
 - Level 3.2 Evocations


You had 8 spell levels left.
You didn't know any spells.
Your spell library contained the following spells:

 Spells                   Type           Power      Damage    Failure   Level
 Scorch                   Fire           2%         2d5       32%         2
 Sublimation of Blood     Necr           1%         N/A       32%         2
 Flame Wave               Conj/Fire      1%         2d4       91%         4
 Petrify                  Tmut/Erth      1%         N/A       91%         4
 Irradiate                Conj/Tmut      0%         3d11      99%         5
 Summon Cactus Giant      Summ           0%         N/A       100%        6


Dungeon Overview and Level Annotations

Branches:
Dungeon (3/15)

Altars:


Innate Abilities, Weirdness & Mutations

You cannot wear most types of armour.
You are amphibious.
You can wear up to eight rings at the same time.
Your skin changes colour to match your surroundings (Stealth+).
Your rubbery body absorbs attacks. (AC +1, EV +1)
((You are camouflaged when in or above water. (Stealth+)))
You have tentacles for arms and can constrict up to eight enemies at once.


Message History

t - Shout!
Orders for allies: a - Attack new target. p - Attack previous target. r - Retreat! s - Stop attacking. g - Guard the area. f - Follow me.
Anything else - Cancel.
Guard this area!
You feel sick.
You feel sick.
Your scorpion barely misses the gnoll.
The gnoll barely misses your scorpion.
You feel sick.
Your scorpion stings the gnoll.
You feel sick.
The gnoll hits your scorpion with a +0 whip.
Your scorpion barely misses the gnoll.
There is an open door here.
You feel sick.
You are no longer poisoned.
The gnoll hits your scorpion but does no damage.
Your scorpion closely misses the gnoll.
You feel a bit more experienced.
Your Unarmed Combat skill increases to level 3!
You tentacle-slap the gnoll but do no damage.
Your grab misses the gnoll.
The gnoll is lightly wounded.
The gnoll hits you with a +0 club.
You tentacle-slap the gnoll. You grab the gnoll.
The gnoll is moderately wounded.
You constrict the gnoll. The gnoll hits you with a +0 club.
You tentacle-slap the gnoll but do no damage.
The gnoll is moderately wounded.
You constrict the gnoll. The gnoll hits you with a +0 club!
* * * LOW HITPOINT WARNING * * *
You tentacle-slap the gnoll. You squeeze the gnoll.
You kill the gnoll!
You tentacle-slap the gnoll. You grab the gnoll.
The gnoll is heavily wounded.
You constrict the gnoll. The gnoll hits you with a +0 whip!
* * * LOW HITPOINT WARNING * * *
You tentacle-slap the gnoll but do no damage.
The gnoll is severely wounded.
You constrict the gnoll. The gnoll hits you with a +0 whip!
You die...

.#...#<..#.#........# #.....#
.#...###.#.#........####...##
.#.#.....#.#....(g.........#
.#.###..##.#######.........#
.#..........## #.s.......#####
.#.......##..### #.............#
.#.......#.....# #.............#
.........#.#.#.####'####.......#
#........#.#....@g..# #.......#
.........#.##...##### #.......#
##.......#.###>## #.......#
##.........# ### #.......#
##.......### #.......#
###.######### #.......#
....##......# #########
....##......# .....#......#


You could see a gnoll.

Vanquished Creatures
  A gnoll (D:3)
  7 adders
  2 worms (D:2)
  5 ball pythons
  7 bats
  8 endoplasms
  4 giant cockroaches
  3 goblins
  9 hobgoblins
  3 quokkas
  8 frilled lizards
  6 kobolds
  3 rats (D:1)
66 creatures vanquished.

Vanquished Creatures (others)
  A scorpion (D:3)
1 creature vanquished.

Grand Total: 67 creatures vanquished

Notes
Turn   | Place    | Note
-------+----------+-------------------------------------------
     0 | D:1      | H0rd4k the Octopode Artificer began the quest for the Orb.
     0 | D:1      | Reached XP level 1. HP: 13/13 MP: 1/1
   105 | D:1      | Reached XP level 2. HP: 15/18 MP: 1/3
   109 | D:1      | Reached skill level 1 in Spellcasting
   920 | D:1      | Reached XP level 3. HP: 24/24 MP: 5/5
   959 | D:1      | Reached skill level 1 in Unarmed Combat
  1658 | D:2      | Found a faded altar of an unknown god.
  1668 | D:2      | Reached XP level 4. HP: 29/29 MP: 6/6
  2614 | D:3      | Reached XP level 5. HP: 27/35 MP: 8/8
  3104 | D:3      | HP: 1/35 [gnoll/+0 whip (7)]
  3105 | D:3      | Mangled by a gnoll

Illustrated notes

Levels and vault maps discovered:
D:1:      amcnicky_arrival_abandoned_market, layout_basic, minivault_24
D:2:      layout_basic, basic_ecumenical_altar
D:3:      layout_basic

Skill      XL: |  1  2  3  4  5 |
---------------+----------------+-----
Spellcasting   | 1 2 |  2.2
Unarmed Combat | 1 2 3 |  3.2
Fighting       | 2 |  2.6
Dodging        | |  2.3
Stealth        | |  1.3
Evocations     | |  3.2

Action                   |  1- 3 |  4- 6 || total
-------------------------+-------+-------++-------
Melee: Unarmed           |   103 |    64 ||   167
       Tentacles         |    19 |    13 ||    32
       Constrict         |    22 |    17 ||    39
       Punch             |       |     2 ||     2
Evoke: Wand              |       |     1 ||     1
 Stab: Sleeping          |    12 |     8 ||    20
Armor: Skin              |     9 |     5 ||    14
Dodge: Dodged            |    63 |    43 ||   106
